 Dungeon Crawl Stone Soup version 0.32-a0-30-gefbe487952 (webtiles) character file.

Game seed: 9899009822562551517

1409 p00ps00p the Chopper (level 8, -3/73 HPs)
             Began as a Hill Orc Fighter on Jan 19, 2024.
             Slain by Duvessa
             ... wielding a +4 vampiric short sword
              (15 damage)
             ... on level 6 of the Dungeon.
             The game lasted 00:06:44 (4567 turns).

p00ps00p the Chopper (Hill Orc Fighter)             Turns: 4567, Time: 00:06:45

Health: -3/73      AC: 16    Str: 21    XL:     8   Next: 70%
Magic:  8/8        EV:  8    Int:  8    God:
Gold:   366        SH:  6    Dex: 16    Spells: 7/7 levels left

rFire   . . .        j - +7 consecrated labrys {holy, Valiant ^Fragile Fly SInv}
rCold   . . .        c - +0 buckler
rNeg    . . .        y - +1 chain mail {rPois}
rPois   +            (no helmet)
rElec   .            (no cloak)
rCorr   .            (no gloves)
SInv    +            q - +0 pair of boots
Will    .....        n - amulet of the acrobat Stlth
                     t - +4 ring of protection
HPRegen 0.32/turn    v - +6 ring of dexterity
MPRegen 0.11/turn

%: acrobat
@: mighty, flying, hasted, very quick
A: no striking features
a: no special abilities


You were on level 6 of the Dungeon.
You visited 1 branch of the dungeon, and saw 6 of its levels.
You also visited: Sewer.

You collected 366 gold pieces.

Inventory:

Hand Weapons
 a - a +1 war axe
 j - the +7 consecrated labrys (weapon) {holy, Valiant ^Fragile Fly SInv}
   (You found it on level 2 of the Dungeon)

   Valiant:   It becomes more powerful as more dangerous foes come into view.
   SInv:      It lets you see invisible.
   Fly:       It grants you flight.
   ^Fragile:  It will be destroyed if unequipped.
Missiles
 i - 9 poisoned darts (quivered)
 u - 3 atropa-tipped darts
Armour
 b - a +0 scale mail
 c - a +0 buckler (worn)
 q - a +0 pair of boots (worn)
 y - a +1 chain mail of poison resistance (worn)
Jewellery
 n - an amulet of the acrobat (around neck)
 p - a ring of fire
 t - a +4 ring of protection (left hand)
 v - a +6 ring of dexterity (right hand)
Scrolls
 f - a scroll of torment
 g - 3 scrolls of amnesia
 k - 4 scrolls of teleportation
 m - 2 scrolls of blinking
 o - 2 scrolls of vulnerability
 s - a scroll of enchant weapon
 w - 2 scrolls of immolation
 x - a scroll of silence
Potions
 d - 2 potions of might
 e - a potion of resistance
 h - 5 potions of enlightenment
 l - a potion of brilliance
 r - a potion of lignification
 z - a potion of haste


   Skills:
 + Level 7.2 Fighting
 + Level 7.2 Axes
 + Level 6.6 Armour
 + Level 6.5 Shields


You had 7 spell levels left.
You didn't know any spells.
Your spell library contained the following spells:

 Spells                   Type           Power      Damage    Failure   Level
 Tukima's Dance           Hex            0%         N/A       100%        3
 Dimensional Bullseye     Hex/Tloc       0%         N/A       100%        4
 Iskenderun's Mystic Bla  Conj/Tloc      0%         2d3       100%        4


Dungeon Overview and Level Annotations

Branches:
Dungeon (6/15)              Sewer (visited)
 Temple: D:4-7

Altars:
Ashenzari
Cheibriados
Kikubaaqudgha

Annotations:
D:6 Duvessa


Message History

You hit Duvessa. You block Dowan's attack. Duvessa closely misses you.
You slash Dowan!
You kill Dowan!
Duvessa screams, "No!
How DARE you!"
Duvessa goes berserk!
You hit Duvessa.
Duvessa hits you with a +4 vampiric short sword!
Duvessa draws strength from your wounds!
You block Duvessa's attack.
You slash Duvessa!
Duvessa is moderately wounded.
Duvessa hits you with a +4 vampiric short sword!
Duvessa draws strength from your wounds!
Duvessa hits you with a +4 vampiric short sword!
Duvessa draws strength from your wounds!
Unknown command.
You are too injured to fight recklessly!
Unknown command.
You are too injured to fight recklessly!
Unknown command.
You are too injured to fight recklessly!
Unknown command.
You feel yourself speed up. You block Duvessa's attack.
Duvessa barely misses you.
You hit Duvessa.
Duvessa is lightly wounded.
You block Duvessa's attack.
You slice Duvessa!!
Duvessa is heavily wounded.
Duvessa hits you but does no damage.
You hit Duvessa.
Duvessa is heavily wounded.
Duvessa hits you with a +4 vampiric short sword!
You slash Duvessa!
Duvessa is severely wounded.
Duvessa hits you with a +4 vampiric short sword!
* * * LOW HITPOINT WARNING * * *
Duvessa draws strength from your wounds!
You feel very mighty all of a sudden.
Duvessa hits you with a +4 vampiric short sword!
You die...

######.#.#...
..........># #.#..
#........... <...# #
#......###.######....#.#
#........#.#. ..#......
#..)...#.#.#.##.#.#..###
)......#.#.#..#........#
.#######.#.#...$.e...#
..#......#.###..@)...#
..#...[......#.#####.#
.......###.#.#.#
..#..#.#...#.#.#.#.#
..#..#.#...........#
#.#..#.#.....#######. ..
.#.#.#.##........ .#
#.#.#.##.#######
#.#.##.#


You could see Duvessa (berserk).

Vanquished Creatures
  Edmund (D:6)
  A black bear (D:5)
  An ice beast (D:6)
  An ogre (D:6)
  A brain worm (Sewer)
  2 scorpions
  4 wights (D:6)
  Dowan (D:6)
  2 hounds
  2 bombardier beetles
  A gnoll bouda (D:5)
  A sleepcap (D:5)
  Jessica (D:3)
  An iguana (D:5)
  An orc wizard (D:5)
  9 gnolls
  7 adders
  2 river rats (Sewer)
  A white imp (D:4)
  4 ufetubi (D:5)
  A dart slug (D:3)
  2 ribbon worms (Sewer)
  23 orcs
  11 ball pythons
  11 bats
  6 endoplasms
  3 giant cockroaches
  7 goblins
  7 hobgoblins
  7 jackals
  4 kobolds
  7 quokkas
  5 frilled lizards
  9 rats
147 creatures vanquished.

Notes
Turn   | Place    | Note
-------+----------+-------------------------------------------
     0 | D:1      | p00ps00p the Hill Orc Fighter began the quest for the Orb.
     0 | D:1      | Reached XP level 1. HP: 19/19 MP: 1/1
   168 | D:1      | Reached XP level 2. HP: 17/27 MP: 2/2
   920 | D:2      | Found the +4 consecrated labrys {holy, Valiant ^Fragile Fly
                  | SInv}
   925 | D:2      | Reached XP level 3. HP: 32/33 MP: 3/3
   973 | D:2      | Identified the +6 short sword "Conservator" {pain, Dex+3}
  1444 | D:3      | Found an ancient bone altar of Kikubaaqudgha.
  1583 | D:3      | Noticed Jessica
  1588 | D:3      | Reached XP level 4. HP: 40/40 MP: 4/4
  1589 | D:3      | Killed Jessica
  1594 | D:3      | Noticed a scorpion
  1598 | D:3      | Killed a scorpion
  1599 | D:3      | Reached XP level 5. HP: 39/47 MP: 5/5
  2253 | D:4      | Reached skill level 5 in Fighting
  2258 | D:4      | Reached XP level 6. HP: 48/56 MP: 6/6
  2691 | D:5      | Entered Level 5 of the Dungeon
  2780 | D:5      | Found a glowing drain.
  2787 | D:5      | Reached skill level 5 in Axes
  2806 | Sewer    | Entered a sewer
  3059 | Sewer    | Reached skill level 5 in Armour
  3059 | Sewer    | Reached skill level 5 in Shields
  3059 | Sewer    | Reached XP level 7. HP: 61/61 MP: 7/7
  3325 | D:5      | Found a broken altar of Ashenzari.
  3420 | D:5      | Found a snail-covered altar of Cheibriados.
  3771 | D:6      | Noticed Edmund
  3779 | D:6      | Reached XP level 8. HP: 42/71 MP: 8/8
  3984 | D:6      | Killed Edmund
  4551 | D:6      | Noticed Dowan
  4551 | D:6      | Noticed Duvessa
  4560 | D:6      | Killed Dowan
  4567 | D:6      | Slain by Duvessa

Illustrated notes

Levels and vault maps discovered:
D:1:      minmay_arrival_stone_box, layout_loops_ring,
          shapermc_ecumenical_altar_petra, chequers_serial_rivers_small_a
D:2:      layout_rooms, minmay_heptomino_h4
D:3:      layout_basic, mainiacjoe_overflow_alcove_2, uniq_jessica
D:4:      layout_rooms
D:5:      layout_basic, mainiacjoe_overflow_catch_the_wave,
          cheibrodos_sewer_entry_drain
D:6:      layout_basic, lemuel_coloured_pillars_altar, uniq_sigmund,
          uniq_edmund, uniq_duvessa

Skill      XL: |  1  2  3  4  5  6  7  8 |
---------------+-------------------------+-----
Axes           | 3 4 5 6 7 |  7.2
Fighting       | 4 5 6 7 |  7.2
Armour         | 4 5 6 |  6.6
Shields        | 4 5 6 |  6.5

Action                     |  1- 3 |  4- 6 |  7- 9 || total
---------------------------+-------+-------+-------++-------
  Melee: War axe           |    65 |       |       ||    65
         Labrys            |    48 |   117 |    80 ||   245
    Use: Scroll            |     7 |     7 |     3 ||    17
         Potion            |       |       |     2 ||     2
 Armour: Scale mail        |    79 |    73 |    59 ||   211
         Chain mail        |       |       |    14 ||    14
  Dodge: Dodged            |    59 |    78 |    54 ||   191
  Block: Buckler           |    30 |    30 |    36 ||    96

Table legend: (Time is in decaauts)
 A = Elapsed time spent in this place.
 B = Non-inter-level travel time spent in this place.
 C = Inter-level travel time spent in this place.
 D = Time resting spent in this place.
 E = Time spent auto-exploring this place.
 F = Levels seen in this place.
 G = Mean time per level.
                   A        B        C        D        E       F      G
               +--------+--------+--------+--------+--------+-----+--------+
         Total |   4687 |   4493 |    194 |    654 |   2934 |   7 |  669.6 |
       Dungeon |   4236 |   4042 |    194 |    654 |   2622 |   6 |  706.0 |
         Sewer |    450 |    450 |      0 |      0 |    312 |   1 |  450.0 |
               +--------+--------+--------+--------+--------+-----+--------+

Top non-repeatable levels by time:
     D:5: 1163 daAuts
     D:1: 758 daAuts
     D:2: 688 daAuts
     D:3: 680 daAuts
     D:4: 640 daAuts
   Sewer: 450 daAuts
     D:6: 306 daAuts
